 Dungeon Crawl Stone Soup version 0.29.1-15-g9cfb28693d (webtiles) character file.

Game seed: 3009165188918127429

240 pkoi the Chopper (level 5, 0/42 HPs)
             Began as a Minotaur Gladiator on Mar 27, 2023.
             Slain by a river rat (2 damage)
             ... in a sewer.
             The game lasted 00:04:21 (3545 turns).

pkoi the Chopper (Minotaur Gladiator)               Turns: 3545, Time: 00:04:23

Health: 0/42       AC:  3    Str: 20    XL:     5   Next: 79%
Magic:  4/4        EV: 12    Int:  5    God:
Gold:   117        SH:  0    Dex: 12    Spells: 4/4 levels left

rFire   . . .      SeeInvis .   a - +0 war axe
rCold   . . .      Faith    .   (no shield)
rNeg    . . .      Spirit   .   b - +0 leather armour
rPois   .          Reflect  .   c - +0 hat
rElec   .          Harm     .   (no cloak)
rCorr   .          Rampage  .   (no gloves)
Will    .....                   (no boots)
Stlth   +.........              (no amulet)
HPRegen 0.14/turn               (no ring)
MPRegen 0.09/turn               (no ring)

@: no status effects
A: horns 2, retaliatory headbutt
a: no special abilities


You were in a sewer.
You visited 1 branch of the dungeon, and saw 3 of its levels.
You also visited: Sewer.

You collected 117 gold pieces.

Inventory:

Hand Weapons
 a - a +0 war axe (weapon)
 o - a +0 sling
Missiles
 d - 3 throwing nets (quivered)
 e - a javelin
Armour
 b - a +0 leather armour (worn)
 c - a +0 hat (worn)
Scrolls
 h - a scroll of butterflies {unknown}
 j - a scroll of blinking {unknown}
 k - 3 scrolls of enchant weapon {unknown}
 m - a scroll of teleportation {unknown}
 r - a scroll of identify {unknown}
Potions
 f - 2 potions of invisibility {unknown}
 g - a potion of lignification {unknown}
 i - a potion of might {unknown}
 l - a potion of resistance {unknown}
 n - 2 potions of curing {unknown}
 p - 2 potions of haste {unknown}
 q - a potion of mutation {unknown}


   Skills:
 - Level 2.5 Fighting
 + Level 6.0 Axes
 - Level 2.0 Throwing
 + Level 4.4 Armour
 - Level 3.6 Dodging


You had 4 spell levels left.
You didn't know any spells.
Your spell library contained the following spells:

 Spells                   Type           Power      Damage    Failure   Level
 Gell's Gravitas          Tloc           0%         N/A       88%         3
 Lesser Beckoning         Tloc           0%         N/A       88%         3
 Teleport Other           Tloc           0%         N/A       88%         3


Dungeon Overview and Level Annotations

Branches:
Dungeon (3/15)              Sewer (1/1)

Altars:

Annotations:
D:2 1 runed translucent door, Crazy Yiuf


Innate Abilities, Weirdness & Mutations

You have a pair of horns on your head.
You reflexively headbutt those who attack you in melee.


Message History

You furiously retaliate!
You headbutt the river rat. The endoplasm freezes you.
You are frozen.
The river rat closely misses you. The rat misses you.
Unknown command.
You hit the endoplasm.
You headbutt the endoplasm, but do no damage.
The endoplasm is heavily wounded.
You hit the river rat. You slash the rat!
You kill the rat!
The endoplasm freezes you.
You are frozen.
The river rat bites you!
You slash the endoplasm!
You kill the endoplasm!
You hit the river rat. The river rat barely misses you.
Unknown command.
Unknown command.
You completely miss the river rat.
The river rat is heavily wounded.
The river rat closely misses you.
Unknown command.
You hit the river rat. Your headbutt misses the river rat.
The river rat is severely wounded.
The river rat closely misses you. You furiously retaliate!
You headbutt the river rat. You closely miss the river rat.
The river rat is almost dead.
The river rat bites you!
* * * LOW HITPOINT WARNING * * *
The river rat bites you.
* * * LOW HITPOINT WARNING * * *
You hit the river rat but do no damage.
You headbutt the river rat, but do no damage.
The river rat is almost dead.
The river rat bites you.
* * * LOW HITPOINT WARNING * * *
You barely miss the river rat.
You headbutt the river rat, but do no damage.
The river rat is almost dead.
The river rat bites you.
You die...

≈≈≈≈~~.†...~~.~≈≈≈≈≈≈≈≈≈≈≈#######
≈≈≈≈≈~.~..~.≈≈≈≈≈≈≈≈≈≈≈≈≈≈#
≈≈≈≈≈≈≈~≈≈≈≈≈≈≈≈≈≈≈≈≈≈≈≈≈≈≈#
≈≈≈≈≈≈≈≈~≈≈≈≈≈≈≈≈≈≈≈≈≈≈≈≈≈#≈#
≈≈≈~.~.~†.~.~~≈≈≈≈≈≈≈≈≈≈≈≈≈#≈
.~~..........~.~...≈≈≈≈≈≈
............##.....~##
.##........####..†...##.
##.......##..r@.......
#..........†..††......
.....####.....###...... ...##
##..### #..... ### #### #####


You could see a river rat.

Vanquished Creatures
  An iguana (D:3)
  4 adders
  12 river rats
  A worm (D:3)
  4 ball pythons
  5 endoplasms
  2 giant cockroaches (D:2)
  2 goblins
  2 hobgoblins
  5 jackals
  5 quokkas
  4 bats
  4 frilled lizards
  12 kobolds
  16 rats
79 creatures vanquished.

Notes
Turn   | Place    | Note
-------+----------+-------------------------------------------
     0 | D:1      | pkoi the Minotaur Gladiator began the quest for the Orb.
     0 | D:1      | Reached XP level 1. HP: 18/18 MP: 0/0
   238 | D:1      | Found a faded altar of an unknown god.
   644 | D:1      | Reached XP level 2. HP: 25/25 MP: 1/1
   857 | D:2      | Found a runed translucent door.
   870 | D:2      | Noticed Crazy Yiuf
  1029 | D:2      | Reached skill level 4 in Axes
  1201 | D:2      | Reached skill level 1 in Armour
  1226 | D:2      | Reached XP level 3. HP: 20/30 MP: 2/2
  2111 | D:3      | Reached XP level 4. HP: 18/37 MP: 3/3
  2209 | D:3      | Reached skill level 5 in Axes
  2280 | D:3      | Found a glowing drain.
  2284 | Sewer    | Entered a sewer
  2908 | Sewer    | Reached XP level 5. HP: 20/42 MP: 4/4
  3446 | Sewer    | Reached skill level 6 in Axes
  3544 | Sewer    | HP: 2/42 [river rat (4)]
  3545 | Sewer    | Slain by a river rat

Illustrated notes

Levels and vault maps discovered:
D:1:      dpeg_arrival_round_a, layout_rooms, ebering_ecumenical_altar_hall
D:2:      layout_basic, serial_curves, eino_curves_04, eino_curves_01,
          uniq_crazy_yiuf_cottage
D:3:      layout_basic, gup_sewer_entry_spiral
Sewer:    sewer_minmay_treatment

Skill      XL: |  1  2  3  4  5 |
---------------+----------------+-----
Axes           | 4 5 6 |  6.0
Armour         | 1 2 3 4 |  4.4
Fighting       | |  2.5
Throwing       | |  2.0
Dodging        | |  3.6

Action                   |  1- 3 |  4- 6 || total
-------------------------+-------+-------++-------
Melee: War axe           |    86 |    97 ||   183
       Headbutt          |    13 |    19 ||    32
  Use: Scroll            |     1 |       ||     1
       Potion            |     1 |     1 ||     2
Armor: Leather armour    |    25 |    18 ||    43
Dodge: Dodged            |    57 |    61 ||   118
